Map: Turbo Cruise '84 LE

Players

EpikPhail - Winner!

  • Race: Protoss Protoss
  • League: Bronze
  • Spawn Location: 7:00

VOD

Have the link to the VOD?

Description

Time

  • Played on: Aug. 15, 2019, 10:59 p.m.
  • Length: 32:10
Show
View Real Time Build Order
Export as new Build Order

EpikPhail Protoss - Winner!

Build Orders:  

Get SALT Encoding   

  12  0:04  Probe (Chrono Boost)  
  14  0:21  Probe (Chrono Boost)  
  14  0:28  Pylon  
  14  0:38  Probe (Chrono Boost)  
  15  0:55  Probe (Chrono Boost)  
  16  1:01  Gateway  
  16  1:08  Probe (Chrono Boost)  
  16  1:19  Probe (Chrono Boost)  
  17  1:29  Assimilator  
  18  1:32  Probe (Chrono Boost)  
  19  1:49  Probe (Chrono Boost)  
  20  1:52  Pylon  
  20  2:06  Probe (Chrono Boost)  
  21  2:12  Cybernetics Core  
  21  2:23  Probe (Chrono Boost)  
  21  2:26  Assimilator  
  21  2:27  Zealot  
  25  2:40  Probe (Chrono Boost)  
  25  2:57  Probe (Chrono Boost)  
  26  3:05  Zealot  
  26  3:07  Gateway  
  28  3:14  Probe (Chrono Boost)  
  29  3:27  Nexus  
  29  3:49  Pylon  
  29  4:24  Probe (Chrono Boost)  
  30  4:32  Pylon  
  31  4:41  Probe (Chrono Boost)  
  31  4:43  Robotics Facility  
  31  4:46  Pylon  
  31  4:57  Sentry  
  31  4:58  Probe (Chrono Boost)  
  36  5:08  Warp Gate  
  36  5:09  Stalker  
  36  5:15  Probe (Chrono Boost)  
  39  5:31  Probe (Chrono Boost)  
  39  5:32  Probe (Chrono Boost)  
  39  5:38  Gateway  
  39  5:44  Gateway  
  39  5:48  Probe (Chrono Boost)  
  39  5:49  Probe (Chrono Boost)  
  41  5:56  Observer  
  42  6:05  Probe (Chrono Boost)  
  42  6:06  Probe (Chrono Boost)  
  44  6:17  Pylon  
  45  6:22  Probe (Chrono Boost)  
  45  6:23  Probe (Chrono Boost)  
  45  6:27  Forge  
  45  6:29  Twilight Council  
  46  6:38  Probe (Chrono Boost)  
  46  6:39  Probe (Chrono Boost)  
  48  6:46  Assimilator  
  48  6:55  Probe (Chrono Boost)  
  48  6:56  Probe (Chrono Boost)  
  50  7:03  Stalker  
  50  7:04  Stalker x3  
  58  7:12  Probe (Chrono Boost)  
  58  7:13  Probe (Chrono Boost)  
  60  7:26  Assimilator  
  62  7:30  Probe x2 (Chrono Boost)  
  62  7:37  Immortal  
  66  7:42  Protoss Ground Weapons Level 1  
  66  7:47  Probe x2 (Chrono Boost)  
  68  8:08  Nexus  
  68  8:10  Pylon  
  60  8:59  Stalker  
  60  9:00  Stalker x3  
  60  9:03  Charge  
  56  9:10  Immortal  
  66  9:45  Probe (Chrono Boost)  
  66  9:46  Probe (Chrono Boost)  
  68  9:53  Stalker  
  68  9:54  Stalker x3  
  76  10:01  Pylon  
  76  10:02  Probe (Chrono Boost)  
  76  10:03  Probe (Chrono Boost)  
  76  10:05  Immortal, Pylon  
  76  10:09  Pylon  
  82  10:12  Pylon  
  82  10:19  Probe x2 (Chrono Boost)  
  84  10:33  Protoss Ground Armor Level 1  
  84  10:37  Gateway  
  84  10:39  Gateway  
  84  10:42  Gateway  
  84  10:45  Gateway  
  84  10:47  Gateway  
  84  10:50  Gateway  
  84  11:00  Immortal  
  88  11:11  Pylon  
  88  11:18  Assimilator  
  91  11:21  Probe x2 (Chrono Boost), Assimilator  
  91  11:22  Probe (Chrono Boost)  
  91  11:33  Stalker  
  91  11:34  Stalker x2  
  91  11:36  Zealot  
  91  11:38  Probe x2 (Chrono Boost)  
  91  11:39  Probe (Chrono Boost)  
  102  12:03  Immortal  
  102  12:06  Zealot x2  
  102  12:07  Zealot x3  
  102  12:08  Zealot x2  
  120  12:10  Blink  
  120  12:16  Probe (Chrono Boost)  
  120  12:17  Probe x2 (Chrono Boost)  
  123  12:44  Pylon  
  123  12:48  Pylon  
  123  12:51  Pylon  
  123  12:56  Pylon  
  83  13:13  Stalker x2  
  83  13:14  Stalker x3  
  83  13:15  Stalker  
  87  13:22  Nexus  
  87  13:26  Pylon  
  87  13:27  Protoss Ground Weapons Level 2  
  87  13:33  Pylon  
  87  13:36  Immortal  
  91  14:05  Photon Cannon  
  91  14:07  Photon Cannon  
  91  14:11  Photon Cannon  
  91  14:13  Zealot  
  91  14:14  Zealot x5  
  91  14:15  Zealot x2  
  107  14:33  Immortal  
  111  14:43  Stalker x2  
  115  15:05  Probe x4 (Chrono Boost)  
  120  15:22  Probe x4 (Chrono Boost), Photon Cannon  
  120  15:27  Photon Cannon  
  120  15:28  Immortal  
  120  15:29  Zealot x3  
  133  15:30  Zealot x3  
  139  15:58  Stalker x3  
  139  15:59  Stalker x4  
  153  16:28  Stargate  
  153  16:31  Stargate  
  153  16:35  Stargate  
  153  16:38  Stargate  
  153  16:45  Immortal  
  148  17:15  Stalker x3  
  148  17:16  Stalker x4  
  148  17:17  Stalker  
  94  17:55  Void Ray x3  
  94  17:56  Void Ray  
  94  17:58  Fleet Beacon  
  106  18:25  Zealot x2  
  106  18:26  Zealot x3  
  106  18:27  Zealot  
  118  18:49  Carrier x3  
  118  18:50  Carrier  
  118  18:59  Protoss Air Weapons Level 1  
  118  19:17  Assimilator  
  118  19:22  Assimilator  
  150  20:01  Carrier  
  150  20:02  Carrier x3  
  174  21:09  Nexus  
  174  21:11  Pylon  
  174  21:12  Carrier  
  174  21:13  Carrier x3  
  174  21:15  Pylon  
  191  22:22  Unknown  
  191  22:23  Carrier x3  
  167  22:37  Carrier  
  175  23:30  Assimilator  
  175  23:33  Assimilator  
  175  24:19  Carrier x2  
  175  24:20  Carrier  
  175  24:21  Carrier  
  179  25:49  Carrier x2  
  179  25:50  Carrier  
  179  25:51  Carrier  
Tags
 
Add a new tag
Caveats
  • Supply blocks, unpowered buildings, or Contaminate may cause inaccurate times.
  • Supply counts are checked every 10 seconds.